General information
- name: BNet
- type: Ladder team game (AT/RT)
- host: Battle.net
- saver: BOSTON.PIZZA
map: Battleground
- players: 8
- length: 22:05
- speed: Fast
- version: 1.26 W3XP
- replay type: Public
» download(133 KB)
Players
team 1 (loser)
andre_vetbr (
red | 44 APM | 379 actions | 08:35)
2 Blademaster
1 Wind Walk
1 Critical Strike
» actions
| Build / train | 24 | |
| ESC pressed | 1 | |
| Enter build submenu | 10 | |
| Enter hero's abilities submenu | 2 | |
| Right click | 194 | |
| Select / deselect | 116 | |
| Use ability | 32 | |
379 total
» units
» upgrades
» buildings
| Altar of Storms | 1 | |
| Orc Burrow | 4 | |
| Barracks | 1 | |
| Voodoo Lounge | 1 | |
| War Mill | 1 | |
| Stronghold | 1 | |
| Fortress | 1 | |
| Watch Tower | 2 | |
12 total
» build order
00:06 Altar of Storms
00:11 Orc Burrow
00:34 Barracks
01:24 Orc Burrow
01:59 Orc Burrow
02:56 Voodoo Lounge
05:11 War Mill
05:57 Stronghold
06:01 Orc Burrow
06:09 Fortress
07:03 Watch Tower
07:06 Watch Tower
» items
| Healing Salve | 2 | |
| Scroll of Speed | 1 | |
| Circlet of Nobility | 1 | |
4 total
no_skillz_ (
pink | 59 APM | 846 actions | 14:18)
4 Blademaster
2 Wind Walk
2 Critical Strike
» actions
| Assign group hotkey | 1 | |
| Build / train | 37 | |
| Enter build submenu | 6 | |
| Enter hero's abilities submenu | 4 | |
| Give item / drop item | 1 | |
| Right click | 598 | |
| Select / deselect | 91 | |
| Select group hotkey | 35 | |
| Use ability | 73 | |
846 total
» units
» buildings
| Altar of Storms | 1 | |
| Orc Burrow | 2 | |
| Voodoo Lounge | 2 | |
| War Mill | 1 | |
| Stronghold | 1 | |
| Fortress | 1 | |
8 total
» build order
00:07 Altar of Storms
00:17 Orc Burrow
00:56 Voodoo Lounge
01:27 War Mill
01:52 Orc Burrow
03:33 Stronghold
06:08 Fortress
06:46 Voodoo Lounge
» items
| Healing Salve | 4 | |
| Lesser Clarity Potion | 3 | |
| Circlet of Nobility | 1 | |
| Boots of Speed | 1 | |
| Potion of Mana | 4 | |
| Potion of Healing | 6 | |
| Scroll of Town Portal | 3 | |
| Orb of Lightning | 1 | |
23 total

»
helloy.kitty (
orange | 26 APM | 148 actions | 05:37)
1 Blademaster
1 Wind Walk
» actions
| Basic commands | 5 | |
| Build / train | 15 | |
| Enter build submenu | 8 | |
| Enter hero's abilities submenu | 1 | |
| Right click | 66 | |
| Select / deselect | 41 | |
| Use ability | 12 | |
148 total
» units
» buildings
| Altar of Storms | 1 | |
| Barracks | 1 | |
| Orc Burrow | 3 | |
| Stronghold | 1 | |
| War Mill | 1 | |
| Voodoo Lounge | 1 | |
8 total
» build order
00:17 Altar of Storms
00:20 Barracks
00:41 Orc Burrow
01:55 Orc Burrow
03:00 Stronghold
03:04 War Mill
04:05 Voodoo Lounge
05:28 Orc Burrow
» items
| Healing Salve | 1 | |
| Lesser Clarity Potion | 1 | |
2 total
ROMANREVOLUTION (
purple | 59 APM | 1294 actions | 22:04)
6 Archmage
3 Summon Water Elemental
2 Brilliance Aura
1 Mass Teleport
1 Mountain King
1 Storm Bolt
» actions
| Assign group hotkey | 42 | |
| Build / train | 99 | |
| Enter build submenu | 26 | |
| Enter hero's abilities submenu | 7 | |
| Give item / drop item | 8 | |
| Remove unit from queue | 3 | |
| Right click | 396 | |
| Select / deselect | 272 | |
| Select group hotkey | 319 | |
| Use ability | 122 | |
1294 total
» units
| Peasant | 22 | |
| Footman | 5 | |
| Gryphon Rider | 6 | |
| Troll Headhunter/Berserker | 2 | |
| Sorceress | 2 | |
| Troll Batrider | 8 | |
| Peon | 3 | |
| Siege Engine | 1 | |
49 total
» upgrades
| Lumber Harvesting | 2 | |
| Masonry | 2 | |
| Storm Hammers | 1 | |
| Swords | 2 | |
| Armor | 2 | |
| Sorceress Training | 2 | |
| Magic Sentry | 1 | |
| Barrage | 1 | |
| Cloud | 1 | |
14 total
» buildings
| Altar of Kings | 1 | |
| Barracks | 1 | |
| Farm | 11 | |
| Scout Tower | 6 | |
| Arcane Vault | 1 | |
| Arcane Tower | 2 | |
| Keep | 2 | |
| Lumber Mill | 1 | |
| Town Hall | 1 | |
| Gryphon Aviary | 3 | |
| Guard Tower | 6 | |
| Castle | 2 | |
| Blacksmith | 1 | |
| Watch Tower | 14 | |
| Arcane Sanctum | 1 | |
| Beastiary | 2 | |
| Orc Burrow | 3 | |
| Workshop | 2 | |
60 total
» build order
00:07 Altar of Kings
00:23 Barracks
00:35 Farm
00:50 Farm
01:29 Farm
01:38 Scout Tower
02:04 Arcane Vault
02:15 Arcane Tower
02:15 Arcane Tower
03:12 Farm
03:41 Keep
03:55 Lumber Mill
05:34 Town Hall
05:36 Scout Tower
05:37 Scout Tower
05:37 Scout Tower
06:08 Gryphon Aviary
06:10 Gryphon Aviary
06:15 Guard Tower
06:16 Guard Tower
06:53 Castle
07:59 Guard Tower
08:02 Scout Tower
08:02 Scout Tower
08:09 Blacksmith
08:13 Farm
08:13 Farm
08:13 Farm
08:14 Farm
08:14 Farm
08:14 Farm
08:15 Farm
08:35 Guard Tower
08:47 Watch Tower
08:48 Watch Tower
08:48 Watch Tower
08:49 Watch Tower
08:49 Watch Tower
08:52 Watch Tower
08:52 Watch Tower
08:53 Watch Tower
09:07 Guard Tower
09:22 Gryphon Aviary
10:09 Watch Tower
10:09 Watch Tower
10:10 Watch Tower
11:51 Watch Tower
11:51 Watch Tower
11:51 Watch Tower
15:34 Arcane Sanctum
15:43 Beastiary
15:43 Beastiary
15:47 Orc Burrow
15:47 Orc Burrow
15:47 Orc Burrow
16:10 Workshop
16:25 Workshop
» items
| Scroll of Regeneration | 4 | |
| Lesser Clarity Potion | 1 | |
| Staff of Teleportation | 1 | |
| Potion of Lesser Invulnerability | 1 | |
| Scroll of Town Portal | 2 | |
| Potion of Healing | 1 | |
| Staff of Sanctuary | 1 | |
11 total
team 2 (winner)

»
Nline (
yellow | 128 APM | 1857 actions | 14:32)
5 Death Knight
3 Death Coil
2 Unholy Aura
1 Lich
1 Frost Nova
» actions
| Assign group hotkey | 43 | |
| Basic commands | 11 | |
| Build / train | 71 | |
| ESC pressed | 6 | |
| Enter build submenu | 12 | |
| Enter hero's abilities submenu | 6 | |
| Give item / drop item | 3 | |
| Right click | 869 | |
| Select / deselect | 252 | |
| Select group hotkey | 486 | |
| Use ability | 98 | |
1857 total
» units
| Acolyte | 4 | |
| Ghoul | 4 | |
| Crypt Fiend | 12 | |
| Forest Troll Berserker | 1 | |
| Obsidian Statue | 2 | |
| Necromancer | 6 | |
| Abomination | 1 | |
| Banshee | 1 | |
31 total
» upgrades
| Creature Attack | 2 | |
| Burrow | 1 | |
| Web | 1 | |
| Necromancer Training | 2 | |
| Destroyer Form | 1 | |
7 total
» buildings
| Graveyard | 1 | |
| Crypt | 1 | |
| Altar of Darkness | 1 | |
| Ziggurat | 5 | |
| Tomb of Relics | 1 | |
| Nerubian Tower | 1 | |
| Halls of the Dead | 5 | |
| Slaughterhouse | 1 | |
| Temple of the Damned | 1 | |
| Black Citadel | 1 | |
18 total
» build order
00:13 Graveyard
00:22 Crypt
00:45 Altar of Darkness
01:02 Ziggurat
01:39 Ziggurat
01:47 Tomb of Relics
02:39 Nerubian Tower
04:31 Ziggurat
05:18 Halls of the Dead
05:18 Halls of the Dead
05:18 Halls of the Dead
07:46 Ziggurat
08:29 Slaughterhouse
08:32 Temple of the Damned
08:54 Black Citadel
11:20 Ziggurat
» items
| Rod of Necromancy | 8 | |
| Dust of Appearance | 2 | |
| Sacrificial Skull | 1 | |
| Scroll of Town Portal | 1 | |
12 total
x3m_test (
green | 52 APM | 1054 actions | 20:21)
3 Mountain King
2 Storm Bolt
1 Bash
» actions
| Assign group hotkey | 87 | |
| Basic commands | 9 | |
| Build / train | 71 | |
| Enter build submenu | 27 | |
| Enter hero's abilities submenu | 3 | |
| Right click | 411 | |
| Select / deselect | 234 | |
| Select group hotkey | 147 | |
| Use ability | 65 | |
1054 total
» units
| Peasant | 18 | |
| Footman | 10 | |
| Flying Machine | 14 | |
42 total
» upgrades
| Defend | 1 | |
| Lumber Harvesting | 2 | |
| Flak Cannons | 1 | |
| Flying Machine Bombs | 1 | |
5 total
» buildings
| Altar of Kings | 1 | |
| Barracks | 1 | |
| Farm | 7 | |
| Scout Tower | 6 | |
| Arcane Tower | 2 | |
| Lumber Mill | 1 | |
| Guard Tower | 4 | |
| Keep | 1 | |
| Arcane Vault | 1 | |
| Blacksmith | 1 | |
| Workshop | 5 | |
| Castle | 1 | |
31 total
» build order
00:24 Altar of Kings
00:43 Barracks
01:07 Farm
01:34 Scout Tower
01:49 Farm
02:04 Arcane Tower
02:09 Lumber Mill
02:23 Farm
02:26 Scout Tower
03:24 Guard Tower
03:28 Farm
04:32 Keep
04:40 Farm
04:44 Scout Tower
04:51 Arcane Vault
05:31 Guard Tower
05:38 Scout Tower
05:49 Blacksmith
06:08 Arcane Tower
06:12 Farm
08:09 Workshop
08:11 Workshop
08:55 Workshop
09:38 Workshop
10:39 Scout Tower
11:09 Guard Tower
11:29 Workshop
12:55 Castle
13:06 Scout Tower
15:34 Guard Tower
17:53 Farm
» items
| Dust of Appearance | 1 | |
| Scroll of Town Portal | 1 | |
| Potion of Healing | 3 | |
| Scroll of Regeneration | 3 | |
| Potion of Mana | 3 | |
| Potion of Lesser Invulnerability | 1 | |
12 total
InjunScalper (
teal | 43 APM | 956 actions | 22:05)
5 Blademaster
3 Wind Walk
2 Critical Strike
» actions
| Assign group hotkey | 88 | |
| Basic commands | 36 | |
| Build / train | 52 | |
| Enter build submenu | 22 | |
| Enter hero's abilities submenu | 5 | |
| Give item / drop item | 8 | |
| Remove unit from queue | 3 | |
| Right click | 405 | |
| Select / deselect | 191 | |
| Select group hotkey | 85 | |
| Use ability | 61 | |
956 total
» units
| Peon | 9 | |
| Grunt | 4 | |
| Forest Troll Berserker | 1 | |
| Forest Troll Shadow Priest | 1 | |
| Wind Rider | 12 | |
27 total
» upgrades
| Ranged Weapons | 3 | |
| Armor | 2 | |
| Envenomed Spears | 1 | |
6 total
» buildings
| Altar of Storms | 1 | |
| Orc Burrow | 6 | |
| Barracks | 1 | |
| Stronghold | 1 | |
| Voodoo Lounge | 1 | |
| War Mill | 2 | |
| Beastiary | 2 | |
| Great Hall | 1 | |
| Watch Tower | 11 | |
| Fortress | 1 | |
27 total
» build order
00:36 Altar of Storms
00:48 Orc Burrow
00:53 Barracks
01:31 Orc Burrow
03:03 Stronghold
03:13 Voodoo Lounge
04:16 War Mill
04:32 Orc Burrow
05:37 Beastiary
05:40 Beastiary
06:30 Orc Burrow
09:05 Great Hall
10:03 Watch Tower
10:04 Watch Tower
10:05 Watch Tower
10:06 Watch Tower
10:07 Watch Tower
10:08 Watch Tower
10:09 Watch Tower
10:13 Watch Tower
12:37 War Mill
15:57 Orc Burrow
16:00 Orc Burrow
16:20 Watch Tower
16:21 Watch Tower
16:22 Watch Tower
18:49 Fortress
» items
| Healing Salve | 3 | |
| Lesser Clarity Potion | 1 | |
| Boots of Speed | 1 | |
| Dust of Appearance | 1 | |
| Periapt of Vitality | 1 | |
| Orb of Lightning | 1 | |
8 total
BOSTON.PIZZA (
blue | 65 APM | 1438 actions | 22:05)
4 Dreadlord
2 Sleep
2 Vampiric Aura
1 Death Knight
1 Death Coil
» actions
| Assign group hotkey | 146 | |
| Basic commands | 33 | |
| Build / train | 56 | |
| Enter build submenu | 15 | |
| Enter hero's abilities submenu | 5 | |
| Give item / drop item | 1 | |
| Remove unit from queue | 1 | |
| Right click | 621 | |
| Select / deselect | 265 | |
| Select group hotkey | 240 | |
| Use ability | 55 | |
1438 total
» units
| Acolyte | 7 | |
| Ghoul | 4 | |
| Crypt Fiend | 6 | |
| Obsidian Statue | 4 | |
21 total
» upgrades
| Creature Attack | 3 | |
| Creature Carapace | 3 | |
| Web | 1 | |
| Destroyer Form | 1 | |
| Ghoul Frenzy | 1 | |
| Burrow | 1 | |
| Backpack | 1 | |
11 total
» buildings
| Altar of Darkness | 1 | |
| Ziggurat | 7 | |
| Graveyard | 1 | |
| Crypt | 1 | |
| Nerubian Tower | 1 | |
| Spirit Tower | 4 | |
| Tomb of Relics | 1 | |
| Halls of the Dead | 1 | |
| Black Citadel | 1 | |
| Slaughterhouse | 2 | |
20 total
» build order
00:07 Altar of Darkness
00:08 Ziggurat
00:37 Graveyard
01:01 Crypt
01:24 Nerubian Tower
01:30 Ziggurat
03:21 Ziggurat
03:26 Spirit Tower
04:07 Tomb of Relics
04:46 Spirit Tower
06:56 Halls of the Dead
08:07 Ziggurat
10:01 Black Citadel
10:04 Slaughterhouse
10:05 Slaughterhouse
15:00 Ziggurat
15:01 Ziggurat
20:24 Ziggurat
21:25 Spirit Tower
» items
| Boots of Speed | 2 | |
| Staff of Teleportation | 2 | |
| Healing Salve | 1 | |
| Orb of Corruption | 1 | |
| Scroll of Town Portal | 1 | |
7 total
Chat log
(00:26 / Allies) Nline: 100 gold teal?
(00:29 / All) helloy.kitty: im sad
(00:29 / All) BOSTON.PIZZA: The Jews invented Jewelry
(00:30 / Allies) InjunScalper: I thought one of you were unsummoning I was like WHOOT
(00:31 / Allies) InjunScalper: free expo
(00:47 / All) helloy.kitty: germans invented germs
(00:52 / All) Nline: hallo
(00:56 / All) helloy.kitty: based on ur theory
(00:57 / All) BOSTON.PIZZA: Lysol was popular in WW2 for killing 99% of Germs
(00:57 / All) Nline: ich bin angela merkel
(01:12 / All) helloy.kitty: ich lich dich
(01:15 / All) helloy.kitty: i love yu
(01:17 / All) Nline: danke mein freund
(01:18 / All) BOSTON.PIZZA: NEIN NEIN NEIN
(01:28 / All) helloy.kitty: nien speken duetch
(01:32 / All) Nline: kameraden
(01:34 / All) BOSTON.PIZZA: o tempora o mores
(01:36 / All) Nline: aufstehen
(01:36 / All) andre_vetbr: volkswagen
(01:41 / All) InjunScalper: Seig heil mein fuhrer!
(01:42 / All) Nline: xD hehe yeah
(01:48 / All) BOSTON.PIZZA: HEIL FUHRER
(01:52 / All) Nline: so sad
(02:02 / All) Nline: the only thing americans know is this sentence
(02:07 / All) helloy.kitty: i love big german cock in my bummy
(02:08 / All) Nline: "sieg heil führer" ...
(02:11 / All) InjunScalper: Du bist abschaum
(02:11 / All) BOSTON.PIZZA: I am not American, shut the fuck up cunt
(02:21 / All) helloy.kitty: hes a dumb canadian
(02:27 / All) helloy.kitty: go eat a beaver
(02:28 / All) BOSTON.PIZZA: No, I'm Scottish-Canadian
(02:36 / All) Nline: americans = jews canadians = gold
(02:40 / All) InjunScalper: Du bist ein scheissekopf
(02:45 / All) Nline: haha nub harras
(02:48 / All) helloy.kitty: lol at yellow
(02:54 / All) helloy.kitty: too much talk not enough pwn
(03:16 / All) andre_vetbr: buy dust men
(03:22 / All) Nline: stfu
(03:26 / All) andre_vetbr: =/
(03:32 / All) Nline: im pro
(03:35 / All) andre_vetbr: i come back
(03:38 / All) Nline: kk
(04:06 / All) andre_vetbr: oh
(04:09 / All) andre_vetbr: u learn
(05:40 / All) andre_vetbr: ...
(05:40 / All) BOSTON.PIZZA: raped
(05:56 / Allies) InjunScalper: got web?
(06:20 / Allies) InjunScalper: anyone got web?
(06:30 / Allies) Nline: imk not even t2
(06:39 / Allies) InjunScalper: tt
(06:56 / All) Nline: nub
(07:20 / All) Nline: you feel the ownage red?
(07:55 / All) Nline: wo great burrow placement
(08:16 / All) andre_vetbr: good help
(08:20 / All) Nline: your nub
(08:21 / All) Nline: lose 1vs1
(08:27 / All) andre_vetbr: ...
(08:40 / All) BOSTON.PIZZA: raperape
(08:55 / All) BOSTON.PIZZA: pipe sucks anyway
(09:06 / Allies) Nline: lol
(09:08 / Allies) InjunScalper: that's why I don't want
(09:09 / Allies) Nline: pipe is theb est item
(09:14 / Allies) InjunScalper: hoping for claok
(09:18 / All) BOSTON.PIZZA: pipe is shit unless you have casters
(09:22 / All) Nline: :D
(09:26 / All) Nline: lol your a nobrainer
(10:31 / All) no_skillz_: worst use of hammer ever
(10:41 / All) ROMANREVOLUTION: our team literally has nothing
(11:35 / All) BOSTON.PIZZA: god damn, stop stealing the items turncoat
(11:39 / Allies) InjunScalper: lol
(11:39 / All) BOSTON.PIZZA: DK needs some
(11:49 / All) InjunScalper: you got the exp
(12:19 / Allies) x3m_test: help?
(12:21 / All) InjunScalper: OH FUCK
(12:24 / All) BOSTON.PIZZA: shut up green
(12:24 / All) InjunScalper: WE'RE DOOMED
(12:25 / Allies) Nline: i tp
(13:11 / All) Nline: pink no units ^^
(13:19 / All) Nline: i feel sorry
(13:24 / All) Nline: purple
(14:32 / All) BOSTON.PIZZA: out
(15:23 / All) BOSTON.PIZZA: this map has shit for creeps
(15:38 / Allies) x3m_test: wood?
(15:42 / All) BOSTON.PIZZA: shut up green
(15:54 / Allies) x3m_test: lol
(16:00 / All) BOSTON.PIZZA: nobody ever permitted you to speak
(16:05 / All) x3m_test: hahaha
(16:25 / All) BOSTON.PIZZA: copters from green
(16:51 / All) BOSTON.PIZZA: where you going nigger?
(17:02 / Allies) InjunScalper: let's kill purple's expo
(17:44 / Allies) InjunScalper: you first green
(17:49 / Allies) InjunScalper: I don't trust you
(17:51 / Allies) BOSTON.PIZZA: yeah you have antibuilding
(18:06 / Allies) BOSTON.PIZZA: hit
(18:09 / Allies) x3m_test: w8
(18:40 / All) BOSTON.PIZZA: raped
(18:50 / Allies) x3m_test: why u attacked the units??
(18:56 / Allies) InjunScalper: I didn't
(18:57 / All) BOSTON.PIZZA: because you are homosex
(18:59 / Allies) InjunScalper: stop accusing me
(19:07 / Allies) InjunScalper: I attacked your hero
(19:12 / All) BOSTON.PIZZA: must be a hacker controlling teal
(19:17 / All) x3m_test: ah, we're winning and then the noobs decided to bs
(19:18 / All) BOSTON.PIZZA: WTF HES HACKING MY UNITIS TOO
(19:45 / All) ROMANREVOLUTION: green leave u noob mass gamer
(19:47 / All) x3m_test: yeah, your're so noob u cant even control ur units
(19:57 / All) BOSTON.PIZZA: green you are 1406-1450, shut the fuck up
(20:05 / All) InjunScalper: Look who's talking, look who's dead
(20:13 / All) x3m_test: hope u enjoy palying like this, thats the only way u can "win"
(20:17 / All) BOSTON.PIZZA: lol kk
(20:27 / All) ROMANREVOLUTION: lawl
(20:36 / All) ROMANREVOLUTION: who wins?,
(20:37 / All) InjunScalper: what team you want to lose
(20:47 / All) InjunScalper: mass gamer since he bitched so much?
(20:50 / All) ROMANREVOLUTION: i didnt like my team
(20:53 / All) ROMANREVOLUTION: red was mass gamer too
(20:55 / All) BOSTON.PIZZA: our team had yellow too
(21:02 / All) BOSTON.PIZZA: yellow was stupid
(21:03 / All) ROMANREVOLUTION: yellow was lvl 1
(21:04 / All) InjunScalper: Pink got raped by my dust lawl
(21:15 / All) ROMANREVOLUTION: pink got no units
(21:31 / All) ROMANREVOLUTION: i say my team loses any objections
(21:44 / All) BOSTON.PIZZA: I'm fine with that
(21:56 / All) ROMANREVOLUTION: ok im eating takign break good work niggas
(22:00 / All) ROMANREVOLUTION: upload ur chat
(22:03 / All) BOSTON.PIZZA: k